 Dungeon Crawl Stone Soup version 0.27.0-1-g7a089689b8 (webtiles) character file.

Game seed: 2364658341941988362

5331 bjtr the Destroyer (level 10, -6/65 HPs)
             Began as an Octopode Conjurer on Aug 4, 2021.
             Was an Elder of Vehumet.
             Mangled by a centaur warrior (13 damage)
             ... on level 9 of the Dungeon.
             The game lasted 00:55:22 (11016 turns).

bjtr the Destroyer (Octopode Conjurer)             Turns: 11016, Time: 00:55:22

Health: -6/65      AC:  2    Str:  8    XL:     10   Next: 64%
Magic:  11/21      EV: 15    Int: 23    God:    Vehumet [****..]
Gold:   98         SH:  6    Dex: 16    Spells: 4/23 levels left

rFire    . . .     SeeInvis .   a - +2 dagger (drain)
rCold    . . .     Faith    +   r - +0 buckler
rNeg     . . .     Spirit   .   O - +1 hat
rPois    .         Reflect  .   n - amulet of faith
rElec    .         Harm     .   q - +6 ring of dexterity
rCorr    +         Rampage  .   E - ring of resist corrosion
Will     .....                  (no ring)
Stlth    ++++++....             (no ring)
HPRegen  0.20/turn              (no ring)
MPRegen  0.17/turn              (no ring)
                                (no ring)
                                (no ring)

@: about to teleport, attractive
A: almost no armour, amphibious, 8 rings, camouflage 1, gelatinous body 1,
nimble swimmer 1, tentacles
a: Renounce Religion


You were on level 9 of the Dungeon.
You worshipped Vehumet.
Vehumet was greatly pleased with you.
You visited 1 branch of the dungeon, and saw 9 of its levels.
You also visited: Sewer.

You collected 369 gold pieces.
You spent 271 gold pieces at shops.

Inventory:

Hand Weapons
 a - a +2 dagger of draining (weapon)
 c - a +0 vorpal whip
 o - a +0 flail
 p - a +0 scimitar
 s - a +0 hunting sling
 x - a +1 dagger of speed
 y - a +1 flail of protection
 D - a +0 great sword
 J - a +0 rapier
 K - a +3 trident
 L - a +0 war axe
 N - a +0 short sword of protection
Missiles
 d - 238 stones
 i - 46 sling bullets
 j - 104 bolts
 l - 11 poisoned darts (quivered)
 C - 7 boomerangs
 M - 2 silver boomerangs
Armour
 r - a +0 buckler (worn)
 O - a +1 hat (worn)
Magical Staves
 H - a staff of fire
Jewellery
 n - an amulet of faith (around mantle)
 q - a +6 ring of dexterity (left tentacle)
 E - a ring of resist corrosion (right tentacle)
Wands
 t - a wand of flame (35)
 u - a wand of digging (5)
Scrolls
 f - 2 scrolls of brand weapon
 k - 3 scrolls of teleportation
 v - a scroll of amnesia
 F - a scroll of magic mapping
 G - a scroll of identify
 I - a scroll of enchant weapon {unknown}
Potions
 b - 3 potions of might
 e - a potion of heal wounds {unknown}
 g - 3 potions of berserk rage
 h - 3 potions of curing
 m - 3 potions of flight
 w - a potion of degeneration {unknown}
 z - a potion of haste
 A - a potion of magic
 B - 2 potions of attraction


   Skills:
 * Level 4.3 Fighting
 * Level 4.4 Dodging
 + Level 7.0 Stealth
 + Level 5.6 Shields
 * Level 7.3 Spellcasting
 + Level 9.7 Conjurations
 + Level 0.1 Translocations
 + Level 0.3 Ice Magic
 + Level 1.9 Air Magic
 + Level 0.9 Poison Magic
 + Level 2.1 Evocations


You had 4 spell levels left.
You knew the following spells:

 Your Spells              Type           Power      Damage    Failure   Level
a - Magic Dart            Conj           100%       1d8       1%          1
b - Searing Ray           Conj           100%       3d7       1%          2
c - Mephitic Cloud        Conj/Pois/Air  27%        N/A       1%          3
d - Iskenderun's Mystic   Conj/Tloc      31%        2d8       2%          4
e - Freezing Cloud        Conj/Ice/Air   13%        6-21      11%         5
f - Olgreb's Toxic Radia  Pois           12%        N/A       13%         4

Your spell library contained the following spells:

 Spells                   Type           Power      Damage    Failure   Level
 Freeze                   Ice            36%        1d6       1%          1
 Poisonous Vapours        Pois/Air       30%        N/A       1%          2
 Dazzling Flash           Conj/Hex       60%        N/A       1%          3
 Sandblast                Erth           16%        2d6       2%          1
 Fulminant Prism          Conj/Hex       15%        3d11      2%          4
 Hailstorm                Conj/Ice       31%        3d8       2%          4
 Frozen Ramparts          Ice            18%        1d3       5%          3
 Inner Flame              Hex/Fire       8%         N/A       6%          3
 Corpse Rot               Necr/Air       N/A        N/A       8%          2
 Swiftness                Air            17%        N/A       10%         3
 Ensorcelled Hibernation  Hex/Ice        18%        N/A       11%         2
 Passwall                 Tmut/Erth      6%         N/A       11%         2
 Spider Form              Tmut/Pois      5%         N/A       19%         3
 Call Canine Familiar     Summ           8%         N/A       22%         3
 Portal Projectile        Hex/Tloc       16%        N/A       22%         3
 Ice Form                 Ice/Tmut       9%         N/A       56%         4
 Summon Ice Beast         Ice/Summ       9%         N/A       56%         4
 Cause Fear               Hex            4%         N/A       58%         4
 Leda's Liquefaction      Hex/Erth       4%         N/A       58%         4
 Lee's Rapid Deconstruct  Erth           4%         3d6*      45%         5
 Invisibility             Hex            4%         N/A       100%        6
 Shadow Creatures         Summ           N/A        N/A       100%        6
 Discord                  Hex            4%         N/A       100%        8


Dungeon Overview and Level Annotations

Branches:
Dungeon (9/15)             Temple (0/1) D:5           Sewer (visited)
   Lair: D:8-11         Orc: D:9-12

Altars:
Ashenzari
Okawaru
Qazlal
Sif Muna
Trog
Vehumet
Zin

Shops:
D:1 *   D:4 **   D:9 *=[


Innate Abilities, Weirdness & Mutations

You cannot wear most types of armour.
You are amphibious.
You can wear up to eight rings at the same time.
Your skin changes colour to match your surroundings (Stealth+).
Your rubbery body absorbs attacks. (AC +1, EV +1)
You are camouflaged near water. (Stealth+)
You have tentacles for arms and can constrict up to eight enemies at once.


Message History

The centaur is knocked back by the mystic blast.
The centaur violently stops moving!
The centaur unwields a +0 shortbow.
The centaur hits you but does no damage.
You block the centaur's attack. You block the centaur warrior's attack.
The centaur warrior closely misses you.
Unknown command.
As you read the scroll of teleportation, it crumbles to dust.
You feel strangely unstable. The centaur misses you.
The centaur completely misses you. You block the centaur warrior's attack.
The centaur warrior kicks you but does no damage.
Casting: Iskenderun's Mystic Blast (dangerous; 2% risk of failure)
Confirm with . or Enter, or press ? or * to list all spells.
You erupt in a blast of force!
The mystic blast hits the plant!
The plant is lightly damaged.
The mystic blast hits the centaur warrior!
The centaur warrior is moderately wounded.
The centaur warrior is knocked back by the mystic blast.
The centaur warrior slams into the rock wall!
The mystic blast hits the centaur.
You kill the centaur!
Vehumet accepts your kill. The centaur warrior hits you.
The centaur warrior kicks you.
Unknown command.
Casting: Iskenderun's Mystic Blast (dangerous; 2% risk of failure)
Confirm with . or Enter, or press ? or * to list all spells.
Aiming: Searing Ray (safe; 1% risk of failure)
Press: ? - help, Shift-Dir - straight line, f - centaur warrior
Aim: a centaur warrior, quivering arrows (moderately wounded, 87% to hit)
The searing ray hits the centaur warrior!
The centaur warrior is moderately wounded. (Press . to maintain the ray.)
A nearby plant withers and dies.
The centaur warrior hits you!
* * * LOW HITPOINT WARNING * * *
The centaur warrior kicks you.
* * * LOW HITPOINT WARNING * * *
Unknown command.
It was a potion of attraction.
You feel attractive to monsters. The centaur warrior hits you!
You die...

#.P≈.≈.......
#.#≈.≈#......
.
#..≈.≈.P.....
#
#P.≈)≈.......
#P#≈)≈#......
#..;.≈.......
.
#P.≈.≈.P.....
≈
#P#≈)≈#......
≈
#..≈.@...####
####..c..#
#######


You could see a centaur warrior and an electric eel.

Vanquished Creatures
  A two-headed ogre (D:9)
  Pikel (D:8)
  Prince Ribbit (D:7)
  A shadow (D:9)
  4 yaks (D:7)
  Edmund (D:6)
  2 water moccasins
  Duvessa (D:5)
  2 orc warriors
  Purgy (Sewer)
  A hornet zombie (D:6)
  An ice beast (D:6)
  3 ogres
  2 sky beasts
  A centaur (D:9)
  A necrophage (D:5)
  A phantom (D:7)
  A lemure (D:8)
  4 bullfrogs
  3 scorpions
  A water moccasin zombie (D:5)
  Dowan (D:5)
  3 killer bees (D:7)
  5 wights (D:9)
  A vampire bat (D:4)
  A bullfrog zombie (D:7)
  A centaur skeleton (D:6)
  A hound (D:4)
  3 orc priests
  A gnoll shaman (D:6)
  2 centaur zombies (D:6)
  A bullfrog skeleton (D:7)
  5 iguanas
  5 orc wizards
  A hound zombie (D:5)
  A hound skeleton (D:5)
  4 howler monkey zombies
  3 gnolls (D:6)
  3 adders
  A shadow imp (D:6)
  4 worms
  A dart slug (D:1)
  28 orcs
  3 ball pythons
  13 bats
  6 endoplasms
  4 giant cockroaches
  4 goblins
  4 hobgoblins
  14 jackals
  4 quokkas
  5 frilled lizards
  9 kobolds
  3 rats
179 creatures vanquished.

Vanquished Creatures (others)
  5 plants (D:9)
5 creatures vanquished.

Grand Total: 184 creatures vanquished

Notes
Turn   | Place    | Note
-------+----------+-------------------------------------------
     0 | D:1      | bjtr the Octopode Conjurer began the quest for the Orb.
     0 | D:1      | Reached XP level 1. HP: 11/11 MP: 3/3
     6 | D:1      | Noticed a hog
     6 | D:1      | Noticed a swamp worm
     6 | D:1      | Noticed a black bear
     7 | D:1      | Noticed a seven-headed hydra
     7 | D:1      | Noticed a killer bee
   319 | D:1      | Reached XP level 2. HP: 18/18 MP: 0/5
   324 | D:1      | Learned a level 2 spell: Searing Ray
   482 | D:1      | Found Xozuisk's Assorted Antiques.
   489 | D:1      | Bought a scroll labelled YWANGYV GUMUHE for 25 gold pieces
   489 | D:1      | Bought a coppery potion for 22 gold pieces
   976 | D:1      | Reached XP level 3. HP: 22/22 MP: 3/6
  1284 | D:2      | Reached skill level 1 in Fighting
  2039 | D:3      | Reached XP level 4. HP: 20/28 MP: 1/7
  2164 | D:3      | Found a radiant altar of Vehumet.
  2167 | D:3      | Became a worshipper of Vehumet
  2666 | D:3      | Reached skill level 5 in Conjurations
  3007 | D:3      | Found a broken altar of Ashenzari.
  3119 | D:4      | Found Helonipt's Specific Store.
  3121 | D:4      | Found Wusogumu's General Store.
  3161 | D:4      | Reached skill level 1 in Shields
  3161 | D:4      | Reached XP level 5. HP: 21/33 MP: 4/9
  3278 | D:4      | Reached * piety under Vehumet
  3278 | D:4      | Offered knowledge of Freeze by Vehumet.
  3627 | D:4      | Noticed an ogre
  3631 | D:4      | Killed an ogre
  3632 | D:4      | Reached XP level 6. HP: 38/38 MP: 4/10
  3712 | D:4      | Found a stormy altar of Qazlal.
  3944 | D:4      | Reached XP level 7. HP: 43/44 MP: 2/12
  4130 | D:4      | Reached skill level 6 in Conjurations
  4135 | D:4      | Offered knowledge of Static Discharge by Vehumet.
  4448 | D:4      | Reached ** piety under Vehumet
  4743 | D:4      | Bought a scroll of identify for 26 gold pieces
  4743 | D:4      | Bought a +0 buckler for 58 gold pieces
  4765 | D:5      | Entered Level 5 of the Dungeon
  5195 | D:5      | Found a staircase to the Ecumenical Temple.
  5213 | D:5      | Noticed Duvessa
  5219 | D:5      | Found a bloodstained altar of Trog.
  5219 | D:5      | Noticed Dowan
  5246 | D:5      | Killed Duvessa
  5247 | D:5      | Reached XP level 8. HP: 35/50 MP: 2/14
  5247 | D:5      | Killed Dowan
  5595 | D:5      | Reached skill level 5 in Stealth
  5595 | D:5      | Reached skill level 7 in Conjurations
  5855 | D:5      | You fall into a shaft and drop 3 floors!
  5856 | D:8      | Noticed Pikel
  6021 | D:7      | Found a glowing silver altar of Zin.
  6527 | D:6      | Noticed Edmund
  6598 | D:6      | Reached skill level 5 in Spellcasting
  6598 | D:6      | Reached skill level 8 in Conjurations
  6652 | D:6      | Reached XP level 9. HP: 4/55 MP: 2/16
  6687 | D:6      | Found a shimmering blue altar of Sif Muna.
  6710 | D:6      | Found a glowing drain.
  6715 | Sewer    | Entered a sewer
  6934 | Sewer    | Offered knowledge of Mephitic Cloud by Vehumet.
  6943 | Sewer    | Learned a level 3 spell: Mephitic Cloud
  7100 | Sewer    | Noticed Purgy
  7128 | Sewer    | Killed Purgy
  7484 | D:6      | Reached *** piety under Vehumet
  7489 | D:6      | Killed Edmund
  8152 | D:7      | Noticed Prince Ribbit
  8372 | D:7      | Killed Prince Ribbit
  8373 | D:7      | Reached skill level 9 in Conjurations
  8570 | D:7      | Reached skill level 1 in Evocations
  8594 | D:7      | Reached skill level 5 in Shields
  8782 | D:7      | Reached XP level 10. HP: 63/63 MP: 15/19
  9085 | D:7      | Learned a level 4 spell: Iskenderun's Mystic Blast
  9091 | D:7      | Learned a level 5 spell: Freezing Cloud
  9137 | D:8      | Reached skill level 1 in Air Magic
  9218 | D:8      | Killed Pikel
  9228 | D:8      | HP: 2/63 [something (15)]
  9612 | D:7      | Offered knowledge of Olgreb's Toxic Radiance by Vehumet.
  9832 | D:7      | Learned a level 4 spell: Olgreb's Toxic Radiance
  9840 | D:8      | Found an iron altar of Okawaru.
  9998 | D:8      | Noticed a boulder beetle
 10803 | D:9      | Reached **** piety under Vehumet
 10813 | D:9      | Found Hesoili's Antique Armour Shoppe.
 10835 | D:9      | Bought an embroidered hat for 140 gold pieces
 10840 | D:9      | Noticed a two-headed ogre
 10850 | D:9      | Killed a two-headed ogre
 10961 | D:9      | Found Luody's Jewellery Boutique.
 11002 | D:9      | Found Anoloed's Assorted Antiques.
 11008 | D:9      | Noticed a centaur warrior
 11016 | D:9      | Mangled by a centaur warrior

Illustrated notes

Levels and vault maps discovered:
D:1:      onia_arrival_zoo_common, layout_basic, serial_shops, shop_statue,
          serial_corexii_hall, chequers_hall_statues_wall_a,
          corexii_hall_statues_x
D:2:      layout_basic, st_stairs_1, chequers_serial_rivers_room_a
D:3:      layout_rooms, mainiacjoe_overflow_swirl
D:4:      layout_rooms, amcnicky_altar_gilded, st_stairs_8, roderic_batcave,
          amcnicky_mini_corridor_feature, nicolae_specific_store, minivault_26,
          eino_small_chamber_without_monster
D:5:      layout_basic, trog_butcher_becter, minmay_temple_entry_ruins,
          uniq_duvessa
D:6:      layout_layer_cave, mainiacjoe_overflow_brackets, portal_sewer_entry_e,
          minivault_19, roderic_serpentine_path, minivault_24, uniq_edmund
D:7:      layout_cave_pods, mainiacjoe_overflow_alcove_1, uniq_prince_ribbit1
D:8:      layout_cave_pools, kennysheep_mini, mainiacjoe_overflow_catwalk,
          uniq_pikel
D:9:      layout_rooms, nicolae_elyvilon_temple_path,
          grunt_dithmenos_smoke_and_mirrors, serial_shops,
          nicolae_inconvenience_store, nicolae_shop_overgrown_old_shop,
          shop_fountains, nicolae_shop_temple_entry_statues_fountains,
          chequers_serial_rivers_micro_d

Skill      XL: |  1  2  3  4  5  6  7  8  9 10 |
---------------+-------------------------------+-----
Fighting       | 1 2 3 4 |  4.3
Conjurations   | 5 6 8 9 |  9.7
Stealth        | 3 4 5 6 7 |  7.0
Shields        | 1 2 3 5 |  5.6
Spellcasting   | 3 4 5 6 7 |  7.3
Dodging        | 3 4 |  4.4
Evocations     | 1 2 |  2.1
Air Magic      | 1 |  1.9
Translocations | |  0.1
Ice Magic      | |  0.3
Poison Magic   | |  0.9

Action                   |  1- 3 |  4- 6 |  7- 9 | 10-12 || total
-------------------------+-------+-------+-------+-------++-------
Melee: Dagger            |     8 |    18 |    19 |       ||    45
       Constrict         |       |     4 |     3 |       ||     7
       Tentacles         |       |     3 |     4 |       ||     7
Throw: Dart              |       |       |     3 |       ||     3
 Cast: Magic Dart        |    33 |    13 |     1 |     4 ||    51
       Searing Ray       |    16 |    19 |    54 |    25 ||   114
       Mephitic Cloud    |       |       |     2 |     2 ||     4
       Freezing Cloud    |       |       |       |     4 ||     4
       Iskenderun's Myst |       |       |       |     4 ||     4
Evoke: Wand              |       |       |     6 |       ||     6
  Use: Scroll            |     5 |       |     6 |     1 ||    12
       Potion            |       |       |     1 |     3 ||     4
 Stab: Sleeping          |     1 |     1 |     2 |       ||     4
       Distracted        |       |       |     1 |       ||     1
       Confused          |       |       |     1 |       ||     1
Armor: Skin              |     1 |     4 |     5 |     3 ||    13
Dodge: Dodged            |    13 |    30 |    58 |    11 ||   112
Block: Buckler           |       |       |    17 |     8 ||    25
